 Dungeon Crawl Stone Soup version 0.28.0-53-g5a82cb258f (webtiles) character file.

Game seed: 3619724908887503944

3098 buhh the Quickloader (level 10, -25/72 HPs)
             Began as a Formicid Hunter on June 21, 2022.
             Was a Believer of Hepliaklqana.
             Annihilated by a two-headed ogre
             ... wielding a +0 giant spiked club
              (31 damage)
             ... on level 7 of the Dungeon.
             The game lasted 00:14:52 (8248 turns).

buhh the Quickloader (Formicid Hunter)              Turns: 8248, Time: 00:14:53

Health: -25/72     AC:  7    Str: 18    XL:     10   Next: 13%
Magic:  10/10      EV: 11    Int: 12    God:    Hepliaklqana [**....]
Gold:   306        SH:  0    Dex: 13    Spells: 9/9 levels left

rFire   + . .      SeeInvis +   a - +1 hand crossbow
rCold   . . .      Faith    .   (no shield)
rNeg    . . .      Spirit   .   v - +1 ring mail {rF+}
rPois   .          Reflect  .   (helmet unavailable)
rElec   .          Harm     .   (no cloak)
rCorr   .          Rampage  .   (no gloves)
Will    +....                   n - +0 pair of boots
Stlth   +.........              (no amulet)
HPRegen 0.22/turn               (no ring)
MPRegen 0.12/turn               (no ring)

@: no status effects
A: reduced essence, permanent stasis, dig shafts and tunnels, antennae 3, four
strong arms
a: Dig, Shaft Self, Renounce Religion, Recall Ancestor, Ancestor Identity


You were on level 7 of the Dungeon.
You worshipped Hepliaklqana.
Hepliaklqana was pleased with you.
You visited 2 branches of the dungeon, and saw 8 of its levels.
You also visited: Sewer.

You collected 306 gold pieces.

Inventory:

Hand Weapons
 a - a +1 hand crossbow (weapon)
 b - a +3 dagger
 s - a +0 short sword
Missiles
 d - 37 bolts (quivered ammo)
 z - 2 throwing nets {!f}
 B - 8 curare-tipped darts
 D - 12 poisoned darts
Armour
 c - a +0 leather armour
 n - a +0 pair of boots (worn)
 v - a +1 ring mail of fire resistance (worn)
 H - +0 steam dragon scales
Magical Staves
 q - a staff of fire
Jewellery
 C - a ring of see invisible
 J - a ring of magical power
Wands
 f - a wand of flame (21)
 F - a wand of iceblast (14)
 G - a wand of paralysis (11)
Scrolls
 h - 2 scrolls of fog {unknown}
 i - 3 scrolls of teleportation {unknown}
 m - a scroll of summoning {unknown}
 o - a scroll of enchant weapon {unknown}
 r - a scroll of blinking {unknown}
 u - 2 scrolls of silence {unknown}
 x - 2 scrolls of vulnerability {unknown}
 y - 4 scrolls of identify {unknown}
 E - 2 scrolls of magic mapping {unknown}
 T - a scroll of immolation {!d}
 X - a scroll of amnesia
Potions
 e - 2 potions of attraction {unknown}
 g - a potion of magic {unknown}
 j - 2 potions of haste {unknown}
 k - 2 potions of might {unknown}
 l - 6 potions of curing {unknown}
 p - 2 potions of flight {unknown}
 t - 3 potions of heal wounds {unknown}
 w - a potion of ambrosia {unknown}
 A - a potion of berserk rage {unknown}
 I - a potion of mutation {unknown}


   Skills:
 * Level 8.3 Fighting
 - Level 12.0 Crossbows
 - Level 1.7 Dodging
 - Level 1.2 Stealth


You had 9 spell levels left.
You didn't know any spells.
Your spell library was empty.

Dungeon Overview and Level Annotations

Branches:
Dungeon (7/15)             Temple (1/1) D:4           Sewer (visited)

Altars:
Elyvilon
Fedhas
Gozag
Hepliaklqana
Kikubaaqudgha
Okawaru
Qazlal
Ru
Sif Muna
Vehumet
Wu Jian
Xom
Yredelemnul

Annotations:
D:3 2 transporters
D:6 2 transporters


Innate Abilities, Weirdness & Mutations

Your life essence is reduced to manifest your ancestor. (-10% HP)
You cannot be hasted, slowed, berserked, paralysed or teleported.
You can dig through walls and to a lower floor.
You have a pair of large antennae on your head. (SInv)
Your four strong arms can wield two-handed weapons with a shield.


Message History

The two-headed ogre hits you with a +0 giant spiked club.
* * * LOW HITPOINT WARNING * * *
You are too injured to fight recklessly!
Fire: 42 bolts
Press: ? - help, Q - select action, (/) - cycle Shift-Dir - straight line, f/p - two-headed ogre
Aim: a two-headed ogre, wielding two +0 giant spiked clubs (heavily wounded, 82% to hit)
You shoot a bolt. The bolt hits the two-headed ogre!
The two-headed ogre is severely wounded.
The two-headed ogre barely misses you. The two-headed ogre closely misses you.
Fire: 41 bolts
Press: ? - help, Q - select action, (/) - cycle Shift-Dir - straight line, f/p - two-headed ogre
Aim: a two-headed ogre, wielding two +0 giant spiked clubs (severely wounded, 82% to hit)
You shoot a bolt.
The bolt completely misses the two-headed ogre.
Fire: 40 bolts
Press: ? - help, Q - select action, (/) - cycle Shift-Dir - straight line, f/p - two-headed ogre
Aim: a two-headed ogre, wielding two +0 giant spiked clubs (severely wounded, 82% to hit)
You shoot a bolt.
The bolt hits the two-headed ogre but does no damage.
The two-headed ogre is severely wounded.
The two-headed ogre hits you with a +0 giant spiked club!
* * * LOW HITPOINT WARNING * * *
The two-headed ogre closely misses you.
Fire: 39 bolts
Press: ? - help, Q - select action, (/) - cycle Shift-Dir - straight line, f/p - two-headed ogre
Aim: a two-headed ogre, wielding two +0 giant spiked clubs (severely wounded, 82% to hit)
You shoot a bolt. The bolt hits the two-headed ogre.
The two-headed ogre is severely wounded.
The two-headed ogre hits you with a +0 giant spiked club.
* * * LOW HITPOINT WARNING * * *
The two-headed ogre hits you with a +0 giant spiked club.
* * * LOW HITPOINT WARNING * * *
Fire: 38 bolts
Press: ? - help, Q - select action, (/) - cycle Shift-Dir - straight line, f/p - two-headed ogre
Aim: a two-headed ogre, wielding two +0 giant spiked clubs (severely wounded, 82% to hit)
You shoot a bolt. The bolt hits the two-headed ogre.
The two-headed ogre is severely wounded.
The two-headed ogre closely misses you.
The two-headed ogre hits you with a +0 giant spiked club!!
You die...

#....... #...(.....# #.......
#.......$.# #....... .........
#....... <...... ###.......
#.(....###.....<...
#.(#.#...###...##.# #O#.#.#.#
#.#.##.# #@..#.#.. #...##..
##..#. #.####.##.. .......
#..#. #....#.##.. .......
#.[#.###......... .........
#..#............. .........
#..##..#......... #.......##
#..#............. ........)#
#..#.............
.........######.#..##.........


You could see a two-headed ogre.

Vanquished Creatures
  Eustachio (D:5)
  A water moccasin (D:6)
  An ice beast (D:4)
  2 sky beasts
  An orc warrior (D:4)
  2 ogres
  A necrophage (D:6)
  2 kobold brigands (Sewer)
  2 bullfrogs
  3 scorpions
  A water moccasin skeleton (D:6)
  A wight (D:7)
  2 howler monkeys
  3 orc priests
  2 hounds (D:5)
  A jelly (D:2)
  A bullfrog skeleton (D:6)
  A scorpion zombie (D:5)
  5 orc wizards (D:4)
  2 iguanas
  A hound zombie (D:5)
  A hound skeleton (D:5)
  3 gnolls (D:5)
  5 river rats
  7 adders
  2 shadow imps
  A white imp (D:6)
  7 worms
  3 dart slugs
  16 orcs
  5 bats
  5 endoplasms
  3 giant cockroaches
  6 goblins
  10 hobgoblins
  2 jackals (D:1)
  3 quokkas (D:1)
  6 ball pythons
  A frilled lizard (D:1)
  7 kobolds
  8 rats
137 creatures vanquished.

Vanquished Creatures (collateral kills)
  A steam dragon (D:7)
  A water moccasin (D:7)
  2 ogres
  A kobold brigand (Sewer)
  A bullfrog (D:7)
  A wyvern zombie (D:7)
  A scorpion (D:7)
  A water moccasin zombie (D:6)
  3 wights (D:7)
  An orc wizard (D:7)
  2 adders
  A white imp (D:7)
  A worm (Sewer)
  2 orcs (D:7)
  3 endoplasms (Sewer)
  3 ball pythons (Sewer)
  2 kobolds (Sewer)
  A rat (Sewer)
28 creatures vanquished.

Vanquished Creatures (others)
  A knight (D:7)
  An ancestor (D:6)
2 creatures vanquished.

Grand Total: 167 creatures vanquished

Notes
Turn   | Place    | Note
-------+----------+-------------------------------------------
     0 | D:1      | buhh the Formicid Hunter began the quest for the Orb.
     0 | D:1      | Reached XP level 1. HP: 16/16 MP: 1/1
   247 | D:1      | Reached XP level 2. HP: 19/22 MP: 2/2
   526 | D:1      | Found a faded altar of an unknown god.
  1095 | D:1      | buhh: ??crossbows
  1095 | D:1      | beem: crossbow[1/1]: (acc,dam,delay,mindelay) [Hands]: hand
                  | crossbow (+5/12/1.5/1.0) [1H], arbalest (+2/18/1.9/1.0)
                  | [2H], triple crossbow (+0/22/2.3/1.0) [2H]. Fires bolts.
  1095 | D:1      | buhh: ??dex
  1095 | D:1      | beem: dex[1/1]: Increases {accuracy} slightly, chance of
                  | stabbing distracted mons and stealth as well. Plays a
                  | significant role in EV if you have {dodging} skill. Boosts
                  | ability to shield-block. In 0.29, increases damage for lbl,
                  | sbl, and launchers.
  1095 | D:1      | Reached XP level 3. HP: 26/27 MP: 3/3
  1598 | D:2      | Reached skill level 5 in Crossbows
  1742 | D:2      | Reached XP level 4. HP: 31/33 MP: 4/4
  2154 | D:2      | Reached XP level 5. HP: 17/38 MP: 5/5
  2354 | D:2      | Reached skill level 6 in Crossbows
  2983 | D:3      | Found a transporter.
  2983 | D:3      | Found a transporter.
  3159 | D:3      | Reached skill level 7 in Crossbows
  3159 | D:3      | Reached XP level 6. HP: 42/44 MP: 6/6
  3488 | D:4      | Noticed an ice beast
  3784 | D:4      | Killed an ice beast
  3785 | D:4      | Reached skill level 8 in Crossbows
  3785 | D:4      | Reached XP level 7. HP: 37/50 MP: 7/7
  4198 | D:5      | Entered Level 5 of the Dungeon
  4336 | D:4      | Reached skill level 9 in Crossbows
  4339 | D:4      | Reached XP level 8. HP: 56/56 MP: 8/8
  4520 | D:4      | Found a staircase to the Ecumenical Temple.
  4529 | Temple   | Entered the Ecumenical Temple
  4630 | Temple   | Became a worshipper of Hepliaklqana the Forgotten
  5436 | D:5      | Noticed Eustachio
  5535 | D:5      | Killed Eustachio
  5536 | D:5      | Reached skill level 10 in Crossbows
  5945 | D:5      | Noticed a yak
  5945 | D:5      | Noticed a yak
  5945 | D:5      | Noticed a yak
  5946 | D:5      | Noticed a yak
  6044 | D:6      | Reached skill level 11 in Crossbows
  6172 | D:6      | Found a glowing drain.
  6220 | Sewer    | Entered a sewer
  6241 | Sewer    | Reached XP level 9. HP: 40/61 MP: 9/9
  6424 | Sewer    | Reached * piety under Hepliaklqana
  6825 | D:6      | Reached skill level 12 in Crossbows
  6913 | D:6      | Found a transporter.
  7427 | D:6      | Found a transporter.
  7573 | D:6      | Reached ** piety under Hepliaklqana
  7574 | D:6      | Remembered your ancestor Senakhtenre as a knight
  7964 | D:7      | Reached XP level 10. HP: 65/71 MP: 10/10
  8233 | D:7      | Noticed a two-headed ogre
  8248 | D:7      | Annihilated by a two-headed ogre

Illustrated notes

Levels and vault maps discovered:
D:1:      shiori_arrival_maze, layout_basic, serial_corexii_hall,
          chequers_hall_statues_wall_a, corexii_hall_statues_u,
          corexii_hall_statues_i, corexii_hall_statues_i,
          hellmonk_ecumenical_altar_blasted
D:2:      minmay_alternating_diamond, layout_basic, kennysheep_cluttered_room
D:3:      gammafunk_wand_slinger, layout_basic, minivault_25, minmay_hedge_maze,
          lemuel_another_geyser
D:4:      layout_basic, minmay_temple_entry_mist
D:5:      layout_loops_cross, uniq_eustachio
D:6:      gammafunk_cloud_chamber, layout_loops_corners,
          lightli_sewer_entry_pipes
D:7:      layout_rooms
Temple:   mainiacjoe_temple_hex_bubbles

Skill      XL: |  1  2  3  4  5  6  7  8  9 10 |
---------------+-------------------------------+-----
Crossbows      | 5 7 8 9 11 12 | 12.0
Fighting       | 7 8 |  8.3
Dodging        | |  1.7
Stealth        | |  1.2

Action                   |  1- 3 |  4- 6 |  7- 9 | 10-12 || total
-------------------------+-------+-------+-------+-------++-------
Melee: Short sword       |    96 |    39 |       |       ||   135
       Punch             |     2 |       |       |       ||     2
       Dagger            |       |       |    12 |       ||    12
 Fire: Hand crossbow     |     5 |   103 |   276 |    15 ||   399
Invok: Ancestor Life: Kn |       |       |     1 |       ||     1
  Use: Scroll            |       |       |     1 |       ||     1
 Stab: Sleeping          |     1 |     1 |       |       ||     2
Armor: Leather armour    |    31 |     7 |       |       ||    38
       Ring mail         |       |     1 |    35 |       ||    36
Dodge: Dodged            |    59 |    33 |    58 |     4 ||   154
